 Dungeon Crawl Stone Soup version 0.31-b1-18-g61460d1e46 (webtiles) character file.

Game seed: 14873718924751930474

20 ChrisAssaf the Changeling (level 2, -4/13 HPs)
             Began as a Human Shapeshifter on Jan 16, 2024.
             Slain by a hobgoblin (5 damage)
             ... on level 2 of the Dungeon.
             The game lasted 00:02:45 (849 turns).

ChrisAssaf the Changeling (Human Shapeshifter)       Turns: 849, Time: 00:02:46

Health: -4/13      AC:  0    Str: 14    XL:     2   Next: 79%
Magic:  2/2        EV: 16    Int: 10    God:
Gold:   18         SH:  0    Dex: 12    Spells: 1/1 levels left

rFire   . .          .
                       - Unarmed
rCold   . . .        (shield currently unavailable)
rNeg    . . .        a - melded +0 animal skin
rPois   .            (no helmet)
rElec   .            (no cloak)
rCorr   .            (no gloves)
SInv    .            (no boots)
Will    .....        (no amulet)
Stlth   +            (no ring)
HPRegen 0.22/turn    (no ring)
MPRegen 0.08/turn

%: no passive effects
@: flux-form, glowing
A: glow, contaminating, reduced hp, explore regen
a: Begin Untransformation


You were on level 2 of the Dungeon.
You were something dangerously unstable.
You visited 1 branch of the dungeon, and saw 2 of its levels.

You collected 18 gold pieces.

Inventory:

Armour
 a - a +0 animal skin (melded)
Talismans
 c - a beast talisman
 d - a flux talisman (active)
 h - a flux talisman (active)
Scrolls
 e - a scroll of enchant weapon {unknown}
Potions
 b - a potion of lignification
 f - a potion of might {unknown}
 g - a potion of attraction {unknown}


   Skills:
 * Level 1.1 Fighting
 * Level 0.4 Armour
 * Level 2.1 Dodging
 * Level 0.3 Stealth
 * Level 3.2 Unarmed Combat
 * Level 0.3 Spellcasting
 * Level 3.2 Shapeshifting


You had one spell level left.
You didn't know any spells.
Your spell library contained the following spells:

 Spells                   Type           Power      Damage    Failure   Level
 Magic Dart               Conj           0%         1d3       36%         1
 Blink                    Tloc           0%         N/A       50%         2
 Call Imp                 Summ           0%         N/A       50%         2
 Passage of Golubria      Tloc           0%         N/A       98%         4
 Alistair's Intoxication  Alch           0%         N/A       100%        5
 Borgnjor's Vile Clutch   Necr/Erth      0%         N/A       100%        5
 Silence                  Hex/Air        0%         N/A       100%        5
 Eringya's Noxious Bog    Alch           0%         4d6       100%        6
 Lehudib's Crystal Spear  Conj/Erth      0%         10d2      100%        8


Dungeon Overview and Level Annotations

Branches:
Dungeon (2/15)

Altars:

Shops:
D:1 =


Innate Abilities, Weirdness & Mutations

You are something dangerously unstable.
You glow with magical radiation, making you easy to see and hit.
Foes you strike become dangerously contaminated with magical radiation.
Your maximum health is decreased, since you lack skill for your form.
You are incapable of wielding weapons or throwing items.
You regain HP and MP as you explore.


Message History

You hit the ball python.
The ball python begins to glow.
The ball python is moderately wounded.
The ball python barely misses you. The ball python misses you.
You closely miss the ball python.
The ball python is moderately wounded.
The ball python completely misses you. The ball python misses you.
You hit the ball python but do no damage.
The ball python glows dangerously bright.
The ball python is moderately wounded.
The ball python barely misses you. The ball python closely misses you.
You barely miss the ball python.
The ball python is moderately wounded.
The ball python closely misses you. The ball python grabs you.
The ball python constricts you.
You barely miss the ball python.
The ball python is moderately wounded.
The ball python barely misses you. The ball python constricts you.
The ball python bites you. The ball python constricts you.
You barely miss the ball python.
The ball python is moderately wounded.
The ball python bites you. The ball python constricts you.
You hit the ball python but do no damage.
The ball python shudders as magic cascades through it.
The ball python twists and deforms.
The ball python is severely wounded.
The ball python barely misses you. The ball python constricts you.
You closely miss the ball python.
The ball python is severely wounded.
The ball python barely misses you. The ball python constricts you.
You hit the ball python.
You kill the ball python!
You start resting.
A hobgoblin comes into view.
The hobgoblin shouts!
You barely miss the hobgoblin. The hobgoblin hits you.
* * * LOW HITPOINT WARNING * * *
You hit the hobgoblin.
The hobgoblin begins to glow.
The hobgoblin is moderately wounded.
The hobgoblin hits you.
You die...

# ### ### ###
###⌠###8###8###
..............#
..............#
.###.......#..###########.#
...............gp...†......
#########.....#############
###### ##.##.# .†.<.#
#.##.# ####...# #.##.# ##.#
#.##.# # #...<. ####.#


You could see a hobgoblin (contam).

Vanquished Creatures
  A dart slug (D:1)
  5 ball pythons
  2 bats (D:1)
  An endoplasm (D:1)
  A giant cockroach (D:1)
  2 goblins (D:1)
  3 frilled lizards
  3 rats (D:1)
18 creatures vanquished.

Notes
Turn   | Place    | Note
-------+----------+-------------------------------------------
     0 | D:1      | ChrisAssaf the Human Shapeshifter began the quest for the
                  | Orb.
     0 | D:1      | Reached XP level 1. HP: 15/15 MP: 1/1
   144 | D:1      | Reached XP level 2. HP: 8/21 MP: 2/2
   162 | D:1      | Found Vimoxt's Jewellery Shoppe.
   849 | D:2      | Slain by a hobgoblin

Illustrated notes

Levels and vault maps discovered:
D:1:      tarquinn_simple_flora_water_b, layout_basic, serial_shops, shop,
          st_stairs_6
D:2:      layout_rooms, serial_corexii_hall, corexii_hall_statues_t,
          chequers_hall_statues_wall_a, corexii_hall_statues_t

Action                     || total
---------------------------++-------
  Melee: Unarmed           ||    62
Ability: Begin Untransform ||     1
    Use: Scroll            ||     4
 Armour: Skin              ||    15
  Dodge: Dodged            ||    54
   Form: Flux              ||     1
